 Dungeon Crawl Stone Soup version 0.31.0-11-ge490571c62 (webtiles) character file.

Game seed: 79665910915840909

116 Gadfly the Ruffian (level 4, -1/49 HPs)
             Began as a Demonspawn Shapeshifter on Jan 27, 2024.
             Succumbed to a scorpion's poison
             ... on level 4 of the Dungeon.
             The game lasted 00:03:22 (2293 turns).

Gadfly the Ruffian (Demonspawn Shapeshifter)        Turns: 2293, Time: 00:03:23

Health: -1/49      AC: 22    Str: 16    XL:     4   Next: 69%
Magic:  4/4        EV:  2    Int: 10    God:
Gold:   98         SH:  0    Dex: 13    Spells: 3/3 levels left

rFire   . .          .
                       - Unarmed
rCold   . . .        (no shield)
rNeg    . . .        a - melded +0 animal skin
rPois   +            (helmet currently unavailable)
rElec   .            (cloak currently unavailable)
rCorr   .            g - melded +0 pair of gloves {Str+3}
SInv    .            (boots currently unavailable)
Will    +....        (no amulet)
Stlth   +            (no ring)
HPRegen 0.28/turn    (no ring)
MPRegen 0.09/turn

%: no passive effects
@: lethally poisoned (-1 -> -11), tree-form, enlightened
A: stationary, stasis, torment immunity, boosted hp, (spiny 2)
a: no special abilities


You were on level 4 of the Dungeon.
You were a tree.
You visited 1 branch of the dungeon, and saw 3 of its levels.

You collected 98 gold pieces.

Inventory:

Hand Weapons
 b - a +0 hand axe of electrocution
Armour
 a - a +0 animal skin (melded)
 g - a +0 pair of gloves of strength (melded)
 l - the +2 helmet of Grace {rF+++ Will- Str-3 Stlth+}
   (You took it off Robin on level 2 of the Dungeon)

   Str-3:     It affects your strength (-3).
   rF+++:     It renders you almost immune to fire.
   Will-:     It decreases your willpower.
   Stlth+:    It makes you more stealthy.
Talismans
 c - a beast talisman (active)
 d - a flux talisman
Scrolls
 e - a scroll of identify {unknown}
 i - a scroll of amnesia {unknown}
 j - a scroll of vulnerability {unknown}
 k - a scroll of enchant armour {unknown}
 m - 2 scrolls of fear {unknown}
 n - a scroll of immolation {unknown}
Potions
 o - a potion of lignification


   Skills:
 + Level 1.9 Fighting
 * Level 2.8 Dodging
 + Level 3.1 Unarmed Combat
 * Level 2.1 Evocations
 + Level 3.0 Shapeshifting


You had 3 spell levels left.
You didn't know any spells.
Your spell library contained the following spells:

 Spells                   Type           Power      Damage    Failure   Level
 Apportation              Tloc           0%         N/A       36%         1
 Jinxbite                 Hex            0%         N/A       50%         2
 Alistair's Intoxication  Alch           0%         N/A       100%        5


Dungeon Overview and Level Annotations

Branches:
Dungeon (2/15)

Altars:


Innate Abilities, Weirdness & Mutations

You are a tree.
Your roots penetrate the ground, keeping you stationary.
You cannot be teleported.
You are immune to unholy pain and torment.
Your maximum health is greatly increased.
Your equipment is partially melded.
((You are mostly covered in sharp spines.))


Message History

You are too injured to fight recklessly!
You are too injured to fight recklessly!
You are too injured to fight recklessly!
You are too injured to fight recklessly!
You are too injured to fight recklessly!
You are too injured to fight recklessly!
You are too injured to fight recklessly!
You are too injured to fight recklessly!
You are too injured to fight recklessly!
You are too injured to fight recklessly!
You are too injured to fight recklessly!
You are too injured to fight recklessly!
You are too injured to fight recklessly!
You hit the scorpion.
The scorpion is lightly wounded.
You feel sick. The scorpion closely misses you.
You hit the scorpion.
The scorpion is moderately wounded.
You feel sick. The scorpion misses you.
You hit the scorpion.
The scorpion is severely wounded.
You feel sick. The scorpion stings you.
* * * LOW HITPOINT WARNING * * *
You are lethally poisoned!
The scorpion poisons you!
It was a potion of enlightenment.
You feel very buoyant.
You fly up into the air.
* * * LOW HITPOINT WARNING * * *
You feel very sick. The scorpion misses you.
Your transformation has ended.
Your +0 pair of gloves of strength unmelds from your body.
You feel stronger.
You turn into a tree.
Your +0 pair of gloves of strength melds into your body.
Your +0 animal skin melds into your body.
You feel weaker.
Your roots penetrate the ground.
You die...

##............
#>........###
#.........#
#.........#
#.........#
#######..###
#...†...#
#.......#######
#..........♣sS#
#.......#####.#
#.......#
#.....#
.........#
###......
..........#
......
..........#
.....
.........#
..... ........#
.... ....


You could see a water moccasin and a scorpion.

Vanquished Creatures
  Terence (D:2)
  Robin (D:2)
  An adder (D:2)
  A ribbon worm (D:2)
  6 bats
  5 endoplasms
  A giant cockroach (D:2)
  15 goblins
  10 hobgoblins
  3 jackals (D:2)
  A quokka (D:1)
  6 ball pythons
  A frilled lizard (D:2)
  3 kobolds
  4 rats
59 creatures vanquished.

Notes
Turn   | Place    | Note
-------+----------+-------------------------------------------
     0 | D:1      | Gadfly the Demonspawn Shapeshifter began the quest for the
                  | Orb.
     0 | D:1      | Reached XP level 1. HP: 15/15 MP: 1/1
   175 | D:1      | Gained mutation: You are partially covered in sharp spines.
                  | [demonic ancestry]
   175 | D:1      | Reached XP level 2. HP: 19/21 MP: 2/2
   392 | D:1      | Reached skill level 1 in Evocations
   739 | D:1      | Gained mutation: You are mostly covered in sharp spines.
                  | [demonic ancestry]
   739 | D:1      | Reached XP level 3. HP: 26/26 MP: 3/3
  1115 | D:2      | Noticed Terence
  1200 | D:2      | HP: 1/26 [Terence/+0 flail (8)]
  1202 | D:2      | Killed Terence
  1313 | D:2      | Reached XP level 4. HP: 33/33 MP: 4/4
  1614 | D:2      | Identified the +2 helmet of Grace {rF+++ Will- Str-3
                  | Stlth+}
  1614 | D:2      | Noticed Robin
  1633 | D:2      | Killed Robin
  1635 | D:2      | HP: 1/33 [ribbon worm (5)]
  2261 | D:2      | You fall into a shaft and drop 2 floors!
  2281 | D:4      | Noticed a scorpion
  2283 | D:4      | Noticed a water moccasin
  2292 | D:4      | HP: 1/33 [poisoned by a scorpion]
  2293 | D:4      | Succumbed to a scorpion's poison

Illustrated notes

Levels and vault maps discovered:
D:1:      dpeg_arrival_brainrot, layout_basic, chequers_serial_rivers_micro_c,
          grunt_decor_arrowhead
D:2:      layout_basic, chequers_serial_rivers_room_a, guppyfry_early_lair_pool,
          uniq_terence, uniq_natasha, uniq_robin
D:4:      layout_basic

Skill      XL: |  1  2  3  4 |
---------------+-------------+-----
Dodging        | 2 |  2.8
Evocations     | 1 2 |  2.1
Unarmed Combat | 3 |  3.1
Shapeshifting  | 3 |  3.0
Fighting       | |  1.9

Action                     |  1- 3 |  4- 6 || total
---------------------------+-------+-------++-------
  Melee: Unarmed           |    75 |    39 ||   114
         Punch             |     2 |     3 ||     5
Ability: Begin Untransform |     1 |       ||     1
    Use: Potion            |     2 |     2 ||     4
         Scroll            |     1 |       ||     1
   Stab: Sleeping          |     1 |       ||     1
         Distracted        |       |     1 ||     1
 Armour: Animal skin       |    41 |    28 ||    69
  Dodge: Dodged            |    47 |    18 ||    65
   Form: Beast             |     1 |       ||     1
         Flux              |     1 |       ||     1
